 Seeded DCSS version 0.29.1-2-gbd0b4ee654 (webtiles) character file.

Game seed: 2670653745873473165 (custom seed)

328 Nerdsrcool the Sneak (level 6, 0/24 HPs)
             Began as a Felid Conjurer on Oct 31, 2022.
             Was a Follower of Zin.
             Slain by an orc
             ... wielding a +0 flail
              (2 damage)
             ... on level 5 of the Dungeon.
             The game lasted 00:23:14 (4063 turns).

Nerdsrcool the Sneak (Felid Conjurer)               Turns: 4063, Time: 00:23:15

Health: 0/24       AC:  2    Str:  3    XL:     6   Next: 25%
Magic:  1/12       EV: 19    Int: 28    God:    Zin [*.....]
Gold:   57         SH:  0    Dex: 14    Spells: 9/12 levels left
                                        Lives:  0   Deaths: 1

rFire   . . .      SeeInvis +   (weapon unavailable)
rCold   . . .      Faith    .   (shield unavailable)
rNeg    . . .      Spirit   .   (body armour unavailable)
rPois   .          Reflect  .   (helmet unavailable)
rElec   .          Harm     .   (cloak unavailable)
rCorr   .          Rampage  .   (gloves unavailable)
Will    .....                   (boots unavailable)
Stlth   +++.......              (no amulet)
HPRegen 0.08/turn               p - +6 ring of intelligence
MPRegen 0.13/turn               f - +4 ring of slaying

@: quick
A: very small, claws 1, fangs 3, see invisible, speed 1, shaggy fur 2, stealthy
paws, no weapons or thrown items, no armour, multi-lived
a: Renounce Religion, Recite, Donate Gold


You were on level 5 of the Dungeon.
You worshipped Zin.
Zin was aware of your devotion.
You visited 1 branch of the dungeon, and saw 5 of its levels.

You collected 190 gold pieces.
You donated 133 gold pieces to Zin.

Inventory:

Hand Weapons
 j - a +0 whip of draining
 m - a +1 dagger of venom
Missiles
 l - 5 javelins
Jewellery
 b - a ring of fire
 f - a +4 ring of slaying (right paw)
 p - a +6 ring of intelligence (left paw)
Scrolls
 e - a scroll of enchant weapon {unknown}
 h - a scroll of fear
 k - a scroll of amnesia
 n - a scroll of fog
 o - a scroll of brand weapon {unknown}
 q - a scroll of immolation {unknown}
 r - a scroll of blinking {unknown}
Potions
 a - a potion of magic
 c - a potion of resistance
 d - 2 potions of haste
 g - a potion of flight {unknown}
 i - 2 potions of curing


   Skills:
 + Level 5.1 Dodging
 + Level 5.4 Stealth
 + Level 3.5 Spellcasting
 + Level 4.7 Conjurations


You had 9 spell levels left.
You knew the following spells:

 Your Spells              Type           Power      Damage    Failure   Level
a - Magic Dart            Conj           100%       1d8       1%          1
b - Searing Ray           Conj           62%        2d6       1%          2

Your spell library contained the following spells:

 Spells                   Type           Power      Damage    Failure   Level
 Dazzling Flash           Conj/Hex       36%        N/A       9%          3
 Fulminant Prism          Conj/Hex       9%         3d7       28%         4
 Iskenderun's Mystic Bla  Conj/Tloc      18%        2d6       28%         4
 Alistair's Intoxication  Tmut/Pois      2%         N/A       91%         5
 Borgnjor's Vile Clutch   Necr/Erth      2%         N/A       91%         5
 Eringya's Noxious Bog    Tmut/Pois      2%         N/A       100%        6
 Malign Gateway           Summ/Tloc      2%         N/A       100%        7
 Summon Horrible Things   Summ           2%         N/A       100%        8


Dungeon Overview and Level Annotations

Branches:
Dungeon (5/15)
 Temple: D:4-7

Altars:
Okawaru
Uskayaw
Xom
Zin

Shops:
D:2 [

Annotations:
D:3 Ijyb


Innate Abilities, Weirdness & Mutations

You have sharp claws.
You have razor-sharp teeth.
You have supernaturally acute eyesight. (SInv)
You cover ground quickly. (Speed+)
You are covered in thick fur. (AC +2)
Your paws help you pounce on unaware monsters.
You are incapable of wielding weapons or throwing items.
You cannot wear armour.
You gain extra lives every three experience levels.


Message History

A quokka comes into view.
Aiming: Magic Dart (safe; 1% risk of failure)
Press: ? - help, Q - select action, (/) - cycle Shift-Dir - straight line, f - quokka, p - iguana
Aim: a quokka (100% to hit)
The magic dart hits the quokka.
The quokka is almost dead.
An orc comes into view. It is wielding a +0 flail.
Found a short sword.
You barely miss the quokka.
The orc shouts!
You bite the quokka.
You kill the quokka!
You hear a shout!
An orc comes into view. It is wielding a +0 hand axe.
The iguana bites you!
Ouch! That really hurt!
You scratch the iguana but do no damage.
The iguana is heavily wounded.
The iguana misses you.
You completely miss the iguana.
The iguana is heavily wounded.
The iguana bites you!
* * * LOW HITPOINT WARNING * * *
Aiming: Magic Dart (safe; 1% risk of failure)
Press: ? - help, Q - select action, (/) - cycle Shift-Dir - straight line, f - iguana
Aim: an iguana (heavily wounded, 100% to hit)
The magic dart hits the iguana.
The iguana is almost dead.
The iguana misses you.
You scratch the iguana but do no damage.
The iguana is almost dead.
The orc misses you. The iguana misses you.
You scratch the iguana.
The iguana is almost dead.
The orc barely misses you. The iguana completely misses you.
You completely miss the iguana.
The iguana is almost dead.
The orc shouts!
The orc hits you with a +0 flail.
You die...

#.##.# #.#
#.##.# #.#
#.##.# #.#
#.##.# #.#
#.##.######.##
#.##.........#
#.############
#l# #@# #o#
#.# ........#
.......?#
o....o..#
........#
........#
........#


You could see an iguana and 2 orcs.

Vanquished Creatures
  An ogre (D:5)
  A scorpion (D:5)
  A howler monkey (D:5)
  A hound (D:5)
  2 iguanas (D:4)
  2 adders
  2 ufetubi
  A dart slug (D:1)
  4 orcs
  5 bats
  9 endoplasms
  4 giant cockroaches
  6 goblins
  3 hobgoblins
  2 jackals (D:1)
  5 kobolds
  5 quokkas
  9 ball pythons
  8 frilled lizards
  4 rats
75 creatures vanquished.

Vanquished Creatures (others)
  3 fungi (D:1)
  3 plants (D:1)
6 creatures vanquished.

Grand Total: 81 creatures vanquished

Notes
Turn   | Place    | Note
-------+----------+-------------------------------------------
     0 | D:1      | Nerdsrcool the Felid Conjurer began the quest for the Orb.
     0 | D:1      | Reached XP level 1. HP: 7/7 MP: 4/4
   260 | D:1      | Reached XP level 2. HP: 11/11 MP: 4/6
   363 | D:1      | Found a faded altar of an unknown god.
   901 | D:1      | Reached XP level 3. HP: 14/14 MP: 4/7
  1317 | D:2      | Learned a level 2 spell: Searing Ray
  1392 | D:2      | Found Gumn's Antique Armour Emporium.
  2305 | D:3      | Reached XP level 4. HP: 13/18 MP: 1/8
  2590 | D:3      | Found a hide-covered altar of Uskayaw.
  2721 | D:3      | Noticed Ijyb
  2735 | D:3      | Slain by Ijyb
  2736 | D:3      | Reached XP level 3. HP: -2/14 MP: 5/8
  2903 | D:3      | Found an iron altar of Okawaru.
  2917 | D:3      | Found a shimmering altar of Xom.
  3018 | D:3      | Found a glowing silver altar of Zin.
  3029 | D:3      | Became a worshipper of Zin the Law-Giver
  3029 | D:3      | Reached * piety under Zin
  3030 | D:3      | Donated 76 gold pieces to Zin
  3031 | D:3      | Donated 38 gold pieces to Zin
  3179 | D:4      | Reached XP level 4. HP: 4/18 MP: 4/9
  3740 | D:5      | Entered Level 5 of the Dungeon
  3767 | D:5      | Noticed an ogre
  3786 | D:5      | Reached XP level 5. HP: 9/21 MP: 0/10
  3905 | D:5      | Killed an ogre
  3906 | D:5      | Reached skill level 5 in Stealth
  4003 | D:5      | Gained mutation: You are covered in thick fur. (AC +2)
                  | [Felid growth]
  4003 | D:5      | Reached XP level 6. HP: 23/24 MP: 5/12
  4018 | D:5      | Reached skill level 5 in Dodging
  4063 | D:5      | Slain by an orc

Illustrated notes

Levels and vault maps discovered:
D:1:      matt_arrival_grand_opening, layout_basic,
          shapermc_ecumenical_altar_ellora
D:2:      layout_basic, serial_shops, shop
D:3:      layout_basic, zin_treasury, eat_drink_and_be_merry_uskayaw,
          mainiacjoe_overflow_swirl, kennysheep_generic_room_11, uniq_ijyb
D:4:      layout_gridville
D:5:      layout_basic, nicolae_qazlal_eye_of_the_storm, uniq_sigmund

Skill      XL: |  1  2  3  4  5  6 |
---------------+-------------------+-----
Stealth        | 3 4 5 |  5.4
Dodging        | 3 4 5 |  5.1
Conjurations   | 4 |  4.7
Spellcasting   | 3 |  3.5

Action                   |  1- 3 |  4- 6 || total
-------------------------+-------+-------++-------
Melee: Unarmed           |    38 |    19 ||    57
       Bite              |     1 |     3 ||     4
       Punch             |     1 |     1 ||     2
 Cast: Magic Dart        |   113 |    73 ||   186
Invok: Donate Gold       |     2 |       ||     2
  Use: Scroll            |     7 |       ||     7
       Potion            |     1 |       ||     1
Armor: Skin              |     1 |       ||     1
Dodge: Dodged            |    20 |    19 ||    39
